 Dungeon Crawl Stone Soup version 0.23.2-1-ga50397a (webtiles) character file.

Game seed: 8198587892858281977

16 davaitedunem the Twirler (level 2, -16/26 HPs)
             Began as a Gnoll Wanderer on Apr 24, 2019.
             Engulfed by a cloud of flame (21 damage)
             ... on level 1 of the Dungeon.
             The game lasted 00:03:30 (684 turns).

davaitedunem the Twirler (Gnoll Wanderer)            Turns: 684, Time: 00:03:30

Health: -16/26     AC:  8    Str: 15    XL:     2   Next: 54%
Magic:  2/2        EV:  8    Int: 12    God:
Gold:   24         SH:  4    Dex: 15    Spells: 1/1 levels left

rFire    . . .     SeeInvis .   a - +0 short sword
rCold    . . .     Gourm    .   c - +0 buckler
rNeg     . . .     Faith    .   j - +0 chain mail
rPois    .         Spirit   .   (no helmet)
rElec    .         Reflect  .   (no cloak)
rCorr    .         Harm     .   (no gloves)
MR       .....                  (no boots)
Stlth    ..........             (no amulet)
HPRegen  0.08/turn              (no ring)
MPRegen  0.08/turn              (no ring)

@: no status effects
A: distributed training, fangs 1, strong nose
a: no special abilities


You were on level 1 of the Dungeon.
You were not hungry.

You visited 1 branch of the dungeon, and saw 1 of its levels.

You collected 24 gold pieces.

Inventory:

Hand Weapons
 a - a +0 short sword (weapon)
 d - a +0 dagger
Armour
 b - a +2 leather armour
 c - a +0 buckler (worn)
 j - a +0 chain mail (worn)
Jewellery
 m - a +4 ring of evasion {unknown}
Scrolls
 h - a scroll of noise {unknown}
 k - a scroll of identify {unknown}
 l - a scroll of remove curse {unknown}
Potions
 e - 2 potions of lignification {unknown}
 g - 2 potions of curing {unknown}
 n - a potion of cancellation {unknown}
Comestibles
 f - a ration


   Skills:
 + Level 4.5 Fighting
 + Level 0.4 Short Blades
 + Level 0.4 Long Blades
 + Level 0.4 Axes
 + Level 0.4 Maces & Flails
 + Level 0.4 Polearms
 + Level 6.5 Staves
 + Level 0.4 Slings
 + Level 0.4 Bows
 + Level 0.4 Crossbows
 + Level 0.4 Throwing
 + Level 0.4 Armour
 + Level 4.5 Dodging
 + Level 4.1 Stealth
 + Level 2.5 Shields
 + Level 0.4 Unarmed Combat
 + Level 0.4 Spellcasting
 + Level 0.2 Conjurations
 + Level 0.2 Hexes
 + Level 0.2 Charms
 + Level 0.2 Summonings
 + Level 0.2 Necromancy
 + Level 0.2 Translocations
 + Level 0.2 Transmutations
 + Level 0.2 Fire Magic
 + Level 0.2 Ice Magic
 + Level 0.2 Air Magic
 + Level 0.2 Earth Magic
 + Level 0.2 Poison Magic
 + Level 0.5 Invocations
 + Level 0.4 Evocations


You had one spell level left.
You didn't know any spells.
Your spell library was empty.

Dungeon Overview and Level Annotations

Branches:
Dungeon (1/15)

Altars:


Innate Abilities, Weirdness & Mutations

Your experience applies equally to all skills.
You have very sharp teeth.
Your uncanny sense of smell can sniff out nearby items.


Message History

The hobgoblin hits you but does no damage.
You hit the hobgoblin.
You kill the hobgoblin!
n - a yellow potion
Things that are here:
a +0 dagger; 4 stones All of the chunks of flesh in your inventory have rotted away.
Partly explored, can't reach some items and places.
No target in view!
Partly explored, can't reach some items and places.
Really walk into a travel-excluded area?
Uppercase [Y]es or [N]o only, please.
Really walk into a travel-excluded area?
Really walk into that cloud of flame?
You are engulfed in blazing flames.
Ouch! That really hurt!
* * * LOW HITPOINT WARNING * * *
You are engulfed in blazing flames.
Ouch! That really hurt!
You die...

#............#####.
####..#.......)....
#.....#......#####.
#.###.#......# ##
#.#...######.# #
#.#.#.# #.# #
##...## #.# # #§§§#
#.###### #@§°#
###....... #§○○#
#.........
#...######.##.####
..)!.○§§..........
..!..°§○.#.##.....
§.....○§§.#.#######
##...######.# #○○§#
##.####### #°§§#
#.........


There were no monsters in sight!

Vanquished Creatures
  A dart slug (D:1)
  2 bats (D:1)
  4 hobgoblins (D:1)
  2 kobolds (D:1)
  A goblin (D:1)
  2 rats (D:1)
12 creatures vanquished.

Notes
Turn   | Place    | Note
-------+----------+-------------------------------------------
     0 | D:1      | davaitedunem the Gnoll Wanderer began the quest for the
                  | Orb.
     0 | D:1      | davaitedunem set off with the following items: a +0 short
                  | sword, a +2 leather armour, a +0 buckler, a +0 dagger, a
                  | ration
     0 | D:1      | Reached XP level 1. HP: 20/20 MP: 1/1
   265 | D:1      | Reached XP level 2. HP: 26/26 MP: 2/2
   684 | D:1      | Engulfed by a cloud of flame

Action                   || total
-------------------------++-------
Melee: Short sword       ||    38
       Bite              ||     6
Armor: Chain mail        ||    16
Dodge: Dodged            ||    19
Block: Buckler           ||    13
